 Dungeon Crawl Stone Soup version 0.26-b1-32-g5d43845318 (webtiles) character file.

Game seed: 16801352861121748667

256 theswoord the Chopper (level 5, -1/41 HPs)
             Began as a Demonspawn Monk on Jan 10, 2021.
             Was an Initiate of Gozag.
             Slain by Crazy Yiuf
             ... wielding a +2 quarterstaff of chaos
              (8 damage)
             ... on level 4 of the Dungeon.
             The game lasted 00:06:32 (3112 turns).

theswoord the Chopper (Demonspawn Monk)             Turns: 3112, Time: 00:06:33

Health: -1/41      AC:  5    Str: 12    XL:     5   Next: 92%
Magic:  0/5        EV: 11    Int: 11    God:    Gozag
Gold:   386        SH:  6    Dex: 16    Spells: 4/4 levels left

rFire    . . .     SeeInvis .   s - +1 war axe (vorpal)
rCold    . . .     Faith    .   (no shield)
rNeg     . . .     Spirit   +   d - +0 ring mail
rPois    .         Reflect  .   (no helmet)
rElec    .         Harm     .   (no cloak)
rCorr    .         Rampage  .   (no gloves)
Will     .....     Rnd*Tele +   (no boots)
Stlth    ++........             h - amulet of regeneration
HPRegen  0.53/turn              g - ring of teleportation
MPRegen  0.09/turn              i - ring of stealth

@: no status effects
A: large bone plates 2, magic shield
a: Renounce Religion, Potion Petition, Call Merchant, Bribe Branch


You were on level 4 of the Dungeon.
You worshipped Gozag.
Gozag was aware of your devotion.
You visited 1 branch of the dungeon, and saw 4 of its levels.

You collected 386 gold pieces.

Inventory:

Hand Weapons
 a - a +0 hand axe
 p - a +0 war axe
 s - a +1 vorpal war axe (weapon)
Armour
 b - a +0 robe
 d - a +0 ring mail (worn)
 j - a +0 pair of gloves
Jewellery
 g - a ring of teleportation (left hand)
 h - an amulet of regeneration (around neck)
 i - a ring of stealth (right hand)
 o - an uncursed ring of flight {unknown}
Wands
 q - a wand of disintegration (5)
Scrolls
 k - a scroll of fog
 t - a scroll of identify
Potions
 c - 2 potions of lignification
 e - 4 potions of heal wounds
 f - a potion of mutation {unknown}
 l - 2 potions of curing {unknown}
 m - a potion of berserk rage {unknown}
 n - a potion of attraction {unknown}
 r - a potion of haste {unknown}


   Skills:
 - Level 3.0 Fighting
 + Level 6.1 Axes
 - Level 2.6 Dodging
 - Level 1.7 Stealth


You had 4 spell levels left.
You didn't know any spells.
Your spell library was empty.

Dungeon Overview and Level Annotations

Branches:
Dungeon (4/15)
 Temple: D:4-7

Altars:
Cheibriados
Fedhas
Gozag
Nemelex Xobeh
Qazlal
Uskayaw
Vehumet
Zin
The Shining One

Annotations:
D:4 Crazy Yiuf


Innate Abilities, Weirdness & Mutations

You are mostly covered in large bone plates. (SH +6)
When hurt, damage is shared between your health and your magic reserves.


Message History

You slash Crazy Yiuf!
Crazy Yiuf is heavily wounded.
Crazy Yiuf hits you with a +2 quarterstaff of chaos!
Crazy Yiuf burns you.
* * * LOW HITPOINT WARNING * * *
You hit Crazy Yiuf.
Crazy Yiuf is severely wounded.
Crazy Yiuf grits, "Prologue!
Hack illywillydillykilly senile."
Crazy Yiuf closely misses you.
You closely miss Crazy Yiuf.
Crazy Yiuf is severely wounded.
Crazy Yiuf says, "Ten down koolooloo!"
Crazy Yiuf hits you with a +2 quarterstaff of chaos!
* * * LOW HITPOINT WARNING * * *
You block Crazy Yiuf's attack.
You closely miss Crazy Yiuf.
Crazy Yiuf is severely wounded.
Crazy Yiuf hits you with a +2 quarterstaff of chaos!
You die...
Your body crumbles into a pile of gold.

..##.##.....#
###..###.#
#..#.##.....#
#........#
...#........#
#.#......#
...####.#####
########## ........#
.######## .# ####♣♣
### .# ##.#..♣♣
♣♣#..)#
.#####......♣♣♣♣@g...#
.#........)..♣..♣#...#
.#.######...♣.♣♣♣ ###
.#.# ##♣♣♣♣♣ ...# .###
### ..# #.#


You could see Crazy Yiuf.

Vanquished Creatures
  A centaur zombie (D:4)
  An orc priest (D:3)
  An iguana (D:4)
  6 adders
  A shadow imp (D:4)
  3 oozes
  2 worms
  3 dart slugs (D:2)
  4 leopard geckos
  7 orcs
  3 giant cockroaches
  6 goblins
  7 hobgoblins
  7 jackals
  2 kobolds
  A quokka (D:3)
  7 bats
  5 frilled lizards
  A leopard gecko zombie (D:3)
  10 rats
78 creatures vanquished.

Notes
Turn   | Place    | Note
-------+----------+-------------------------------------------
     0 | D:1      | theswoord the Demonspawn Monk began the quest for the Orb.
     0 | D:1      | Reached XP level 1. HP: 18/18 MP: 1/1
    80 | D:1      | Reached skill level 3 in Axes
   135 | D:1      | Gained mutation: You are partially covered in large bone
                  | plates. (SH +4) [demonic ancestry]
   135 | D:1      | Reached XP level 2. HP: 16/24 MP: 2/2
   837 | D:1      | Gained mutation: When hurt, damage is shared between your
                  | health and your magic reserves. [demonic ancestry]
   837 | D:1      | Reached XP level 3. HP: 28/29 MP: 3/3
   920 | D:2      | Found a snail-covered altar of Cheibriados.
  1034 | D:2      | Reached skill level 4 in Axes
  1173 | D:2      | Reached XP level 4. HP: 34/35 MP: 4/4
  1546 | D:2      | Found an opulent altar of Gozag.
  1801 | D:2      | Became a worshipper of Gozag Ym Sagoz the Greedy
  1849 | D:3      | Found a sparkling altar of Nemelex Xobeh.
  2022 | D:3      | Reached skill level 5 in Axes
  2048 | D:3      | Found a glowing golden altar of the Shining One.
  2098 | D:3      | Gained mutation: You are mostly covered in large bone
                  | plates. (SH +6) [demonic ancestry]
  2098 | D:3      | Reached XP level 5. HP: 41/41 MP: 5/5
  2561 | D:4      | Reached skill level 6 in Axes
  2888 | D:4      | Found a hide-covered altar of Uskayaw.
  2891 | D:4      | Found a stormy altar of Qazlal.
  2972 | D:4      | Found a runed translucent door.
  2973 | D:4      | Noticed Crazy Yiuf
  3008 | D:4      | Found a blossoming altar of Fedhas.
  3008 | D:4      | Found a glowing silver altar of Zin.
  3009 | D:4      | Found a radiant altar of Vehumet.
  3112 | D:4      | Slain by Crazy Yiuf

Skill      XL: |  1  2  3  4  5 |
---------------+----------------+-----
Axes           | 3 4 5 6 |  6.1
Fighting       | |  3.0
Dodging        | |  2.6
Stealth        | |  1.7

Action                   |  1- 3 |  4- 6 || total
-------------------------+-------+-------++-------
Melee: Hand axe          |   117 |    79 ||   196
       War axe           |       |    97 ||    97
  Use: Scroll            |     1 |     4 ||     5
 Stab: Sleeping          |     1 |     9 ||    10
Armor: Ring mail         |    28 |    48 ||    76
Dodge: Dodged            |    63 |    78 ||   141
Block: Other             |    16 |    31 ||    47

Levels and vault maps discovered:
D:1:      amcnicky_arrival_blooded_trapdoor, layout_loops_ring,
          kennysheep_crisscross, chequers_serial_rivers_micro_c
D:2:      layout_loops_ring, kennysheep_slug_shrine,
          lemuel_coloured_pillars_altar, grunt_decor_fettered,
          chequers_serial_rivers_small_3
D:3:      cheibrodos_helix_gallery, layout_rooms,
          nicolae_tso_swordbearing_angel, minmay_crystal_room,
          nemelex_xobeh_ov_fountains_minmay
D:4:      layout_loops_cross, nicolae_overflow_hidden_temple,
          uniq_crazy_yiuf_cottage
